 Dungeon Crawl Stone Soup version 0.30.0-29-ga12c61a403 (webtiles) character file.

Game seed: 12538485313680542953

177 Ijustatesigmund the Stinger (level 5, -1/34 HPs)
             Began as an Octopode Venom Mage on June 17, 2023.
             Slain by Dowan
             ... wielding a +0 dagger
              (4 damage)
             ... on level 4 of the Dungeon.
             The game lasted 00:04:51 (3117 turns).

Ijustatesigmund the Stinger (Octopode Venom Mage)   Turns: 3117, Time: 00:04:52

Health: -1/34      AC:  1    Str:  7    XL:     5   Next: 57%
Magic:  9/9        EV: 13    Int: 19    God:
Gold:   116        SH:  0    Dex: 13    Spells: 3/9 levels left

rFire   . . .        f - +0 dagger
rCold   . . .        (no shield)
rNeg    . . .        (helmet restricted)
rPois   .            (no amulet)
rElec   .            (no ring)
rCorr   .            (no ring)
SInv    .            (no ring)
Will    .....        (no ring)
Stlth   ++           (no ring)
HPRegen 0.25/turn    (no ring)
MPRegen 0.11/turn    (no ring)
                     (no ring)

%: no passive effects
@: confused, ambrosia-drunk, attractive, hasted, very quick
A: almost no armour, amphibious, 8 rings, camouflage 1, gelatinous body 1,
(nimble swimmer 1), tentacles
a: no special abilities


You were on level 4 of the Dungeon.
You visited 1 branch of the dungeon, and saw 4 of its levels.

You collected 116 gold pieces.

Inventory:

Hand Weapons
 f - a +0 dagger (weapon)
Wands
 d - a wand of flame (20)
 k - a wand of roots (11)
Scrolls
 b - 2 scrolls of immolation
 c - a scroll of identify
Potions
 a - a potion of magic


   Skills:
 + Level 2.1 Fighting
 - Level 2.0 Dodging
 - Level 2.6 Stealth
 + Level 2.9 Spellcasting
 + Level 1.6 Conjurations
 - Level 1.0 Transmutations
 + Level 2.0 Air Magic
 + Level 4.6 Poison Magic


You had 3 spell levels left.
You knew the following spells:

 Your Spells              Type           Power      Damage    Failure   Level
a - Sting                 Tmut/Pois      52%        1d5       4%          1
b - Poisonous Vapours     Pois/Air       30%        N/A       6%          2
c - Mephitic Cloud        Conj/Pois/Air  13%        N/A       14%         3

Your spell library contained the following spells:

 Spells                   Type           Power      Damage    Failure   Level
 Olgreb's Toxic Radiance  Pois           20%        N/A       22%         4


Dungeon Overview and Level Annotations

Branches:
Dungeon (4/15)
 Temple: D:4-7

Altars:
Ashenzari

Annotations:
D:3 Grinder
D:4 Dowan, Duvessa


Innate Abilities, Weirdness & Mutations

You cannot wear most types of armour.
You are amphibious.
You can wear up to eight rings at the same time.
Your skin changes colour to match your surroundings (Stealth+).
Your rubbery body absorbs attacks. (AC +1, EV +1)
((You are camouflaged when in or above water. (Stealth+)))
You have tentacles for arms and can constrict up to eight enemies at once.


Message History

The puff of frost hits you. Duvessa hits you with a +0 rapier!
An endoplasm comes into view.
The air fills with toxic fumes!
As you read the scroll labelled YMASTR QUUCKU, it crumbles to dust.
It was a scroll of poison.
Dowan hits you with a +0 dagger. Duvessa closely misses you.
It was a potion of haste.
You feel yourself speed up.
The endoplasm jiggles.
Dowan closely misses you. Duvessa barely misses you.
Casting: Poisonous Vapours (safe; 6% risk of failure)
Confirm with . or Enter, or press ? or * to list all spells.
Aiming: Sting (safe; 4% risk of failure)
Press: ? - help, Shift-Dir - straight line, f - Duvessa
Aim: Duvessa, wielding a +0 rapier and wearing a +1 ring mail of willpower (79% to hit)
The sting hits Duvessa but does no damage.
Duvessa is poisoned.
Dowan hits you with a +0 dagger.
* * * LOW HITPOINT WARNING * * *
Duvessa hits you with a +0 rapier.
* * * LOW HITPOINT WARNING * * *
Casting: Sting (safe; 4% risk of failure)
Confirm with . or Enter, or press ? or * to list all spells.
Aiming: Sting (safe; 4% risk of failure)
Press: ? - help, Shift-Dir - straight line, f - Dowan, p - Duvessa
Aim: Dowan, wielding a +0 dagger and wearing a +0 robe (60% to hit)
The sting hits Dowan.
Dowan is poisoned.
Dowan is lightly wounded.
It was a potion of attraction.
You feel attractive to monsters.
Dowan casts a spell at Duvessa.
Duvessa seems to speed up.
Duvessa hits you with a +0 rapier.
* * * LOW HITPOINT WARNING * * *
It was a potion of ambrosia.
You are confused.
You feel invigorated. Duvessa closely misses you.
Dowan gestures wildly while chanting.
Dowan blinks!
Dowan is attracted toward you. Duvessa hits you with a +0 rapier!
* * * LOW HITPOINT WARNING * * *
Duvessa looks more healthy.
Dowan hits you with a +0 dagger.
You die...

§§§§. # .☼§☼..###. ###
.☼§§.#§§##+##.⌠#
.§§..§...§☼☼..#
#§##§..§☼§§..# #
#§§§#.§§☼☼§.# .#
§§§.#§e§+§§☼☼§§.+ .#
§☼§§☼Je@§§§§§§☼.# ..#
§§§§§§###§§☼§§§.#####..
§§§§§.....§§§§§..#.... #
####§#..#⌠.##+##.⌠#..##.#
#.§§... ####....#.#.....#
#§§..>. #.......÷.#
#§..... ......#..##.# ...
#.....# #.#####.###.#
...##.....## # ... #.#


You could see Duvessa (fast), Dowan (poisoned) and an endoplasm.

Vanquished Creatures
  2 hounds (D:4)
  A gnoll (D:2)
  6 adders
  A worm (D:2)
  4 ball pythons
  2 endoplasms
  2 giant cockroaches (D:1)
  5 goblins
  3 hobgoblins
  2 jackals (D:2)
  4 quokkas
  8 bats
  8 kobolds
  3 rats
51 creatures vanquished.

Notes
Turn   | Place    | Note
-------+----------+-------------------------------------------
     0 | D:1      | Ijustatesigmund the Octopode Venom Mage began the quest for
                  | the Orb.
     0 | D:1      | Reached XP level 1. HP: 11/11 MP: 3/3
    33 | D:1      | Found a faded altar of an unknown god.
   178 | D:1      | Reached XP level 2. HP: 12/18 MP: 1/5
   221 | D:1      | Learned a level 2 spell: Poisonous Vapours
   615 | D:1      | Reached skill level 1 in Fighting
   890 | D:1      | Reached skill level 4 in Poison Magic
  1088 | D:2      | Reached XP level 3. HP: 6/23 MP: 0/6
  1137 | D:2      | Learned a level 3 spell: Mephitic Cloud
  1386 | D:2      | Reached skill level 1 in Air Magic
  1712 | D:2      | Reached XP level 4. HP: 25/28 MP: 0/7
  1946 | D:2      | Reached skill level 1 in Conjurations
  2729 | D:3      | Noticed Grinder
  2739 | D:3      | Paralysed by Grinder for 3 turns
  2871 | D:4      | Found a broken altar of Ashenzari.
  2880 | D:4      | Reached XP level 5. HP: 23/34 MP: 2/9
  3103 | D:4      | Noticed Dowan
  3104 | D:4      | Noticed Duvessa
  3116 | D:4      | HP: 1/34 [Duvessa/+0 rapier (7)]
  3117 | D:4      | Slain by Dowan

Illustrated notes

Levels and vault maps discovered:
D:1:      tarquinn_simple_flora_water_f, layout_loops_cross,
          hellmonk_ecumenical_altar_blasted, nicolae_figureground_sparkle
D:2:      layout_basic, cheibrodos_gnoll_hut
D:3:      layout_rooms, ebering_ghost_sewer_f, uniq_jessica, uniq_grinder
D:4:      cheibrodos_fertilizer, layout_gridville,
          grunt_dithmenos_smoke_and_mirrors, evilmike_ruin_ashenzari,
          mainiacjoe_overflow_brackets, minmay_pentangle, uniq_duvessa,
          uniq_natasha

Skill      XL: |  1  2  3  4  5 |
---------------+----------------+-----
Fighting       | 1 2 |  2.1
Poison Magic   | 4 |  4.6
Air Magic      | 1 2 |  2.0
Conjurations   | 1 |  1.6
Dodging        | |  2.0
Stealth        | |  2.6
Spellcasting   | |  2.9
Transmutations | |  1.0

Action                     |  1- 3 |  4- 6 || total
---------------------------+-------+-------++-------
  Melee: Unarmed           |    68 |    37 ||   105
         Constrict         |    20 |     7 ||    27
         Tentacles         |    11 |     7 ||    18
         Punch             |     1 |     1 ||     2
         Dagger            |       |     1 ||     1
   Cast: Sting             |    16 |     8 ||    24
         Poisonous Vapours |    19 |    16 ||    35
    Use: Potion            |     1 |     4 ||     5
         Scroll            |       |     4 ||     4
   Stab: Sleeping          |     2 |     1 ||     3
 Armour: Skin              |     9 |    14 ||    23
  Dodge: Dodged            |    47 |    38 ||    85
